 Dungeon Crawl Stone Soup version 0.29-a0-113-g078de9bc30 (webtiles) character file.

Game seed: 2085436900936185545

77 kae the Ruffian (level 4, -1/36 HPs)
             Began as a Draconian Transmuter on Feb 18, 2022.
             Killed from afar by Ijyb (37 damage)
             ... with a bolt of acid
             ... on level 3 of the Dungeon.
             The game lasted 00:01:27 (2611 turns).

kae the Ruffian (Draconian Transmuter)              Turns: 2611, Time: 00:01:28

Health: -1/36      AC:  5    Str: 13    XL:     4   Next: 13%
Magic:  7/7        EV: 12    Int: 21    God:
Gold:   157        SH:  0    Dex: 11    Spells: 3/7 levels left

rFire   . . .      SeeInvis .     - Unarmed
rCold   . . .      Faith    .   (no shield)
rNeg    . . .      Spirit   .   (armour unavailable)
rPois   .          Reflect  .   (helmet currently unavailable)
rElec   .          Harm     .   (no cloak)
rCorr   .          Rampage  .   (no gloves)
Will    .....                   (boots currently unavailable)
Stlth   +.........              (no amulet)
HPRegen 0.12/turn               j - +6 ring of intelligence
MPRegen 0.10/turn               (no ring)

@: appendages (expiring)
A: horns 2, talons 2, AC +5, unfitting armour, cold-blooded
a: End Transformation


You were on level 3 of the Dungeon.
You had temporarily grown beastly horns and talons.
You visited 1 branch of the dungeon, and saw 3 of its levels.

You collected 157 gold pieces.

Inventory:

Jewellery
 j - a +6 ring of intelligence (left hand)
Wands
 c - a wand of paralysis (14)
Scrolls
 d - a scroll of immolation {unknown}
 e - a scroll of fog
 i - a scroll of enchant weapon
Potions
 a - 2 potions of mutation
 b - a potion of resistance {unknown}
 f - a potion of curing
 g - a potion of magic {unknown}
 h - 2 potions of haste {unknown}
 k - a potion of cancellation {unknown}


   Skills:
 + Level 2.0 Fighting
 + Level 2.1 Dodging
 * Level 3.6 Unarmed Combat
 + Level 2.3 Spellcasting
 * Level 2.8 Transmutations
 * Level 0.6 Poison Magic


You had 3 spell levels left.
You knew the following spells:

 Your Spells              Type           Power      Damage    Failure   Level
a - Beastly Appendage     Tmut           28%        N/A       4%          1
b - Spider Form           Tmut/Pois      9%         N/A       22%         3

Your spell library contained the following spells:

 Spells                   Type           Power      Damage    Failure   Level
 Wereblood                Tmut           14%        N/A       7%          2
 Freeze                   Ice            8%         1d3       14%         1
 Frozen Ramparts          Ice            4%         1d2       41%         3
 Ice Form                 Ice/Tmut       8%         N/A       63%         4
 Hailstorm                Conj/Ice       2%         3d3       82%         4


Dungeon Overview and Level Annotations

Branches:
Dungeon (3/15)

Altars:
Kikubaaqudgha
Yredelemnul

Shops:
D:1 [

Annotations:
D:3 Ijyb


Innate Abilities, Weirdness & Mutations

You have temporarily grown beastly horns and talons.
Your plain brown scales are hard. (AC +5)
You cannot fit into any form of body armour.
You are cold-blooded and may be slowed by cold attacks.


Message History

The giant cockroach bites you but does no damage.
The kobold throws a stone.
The stone completely misses you.
You hit the giant cockroach.
You kill the giant cockroach!
The kobold hits you with a +0 club.
You hit the kobold.
You kill the kobold!
Your life force feels restored.
Your transformation is almost over.
HP restored.
Things that are here:
a +0 club; 3 stones No target in view!
No target in view!
No target in view!
No target in view!
k - a grey potion Your horns disappear.
Your talons disappear.
c - a wand of paralysis (14) (gained 6 charges)
Found a leather armour.
You see here a +0 leather armour.
A hobgoblin comes into view.
A hobgoblin is nearby!
A hobgoblin is nearby!
A hobgoblin is nearby!
The hobgoblin shouts!
Casting: Beastly Appendage (safe; 4% risk of failure)
Confirm with . or Enter, or press ? or * to list all spells.
You grow a pair of large bovine horns.
Your feet morph into talons.
The hobgoblin closely misses you. The hobgoblin barely misses you.
You hit the hobgoblin.
You kill the hobgoblin!
No target in view!
Your transformation is almost over.
Ijyb the Twisted Goblin comes into view.
She is wielding a +0 dagger of electrocution and carrying a wand of acid (5).
Ijyb shouts!
Ijyb zaps a wand.
The bolt of acid hits you!!!
Ouch! That really hurt!
You die...

. . ...≈≈ .
#...≈##+ . .......
. ..... ....
..###.# #..g..#
#@# ..# #.# #.#
#.# #.#####.#
#....##.#
#.##.##.#
#.##.##.#
#.##.##.#
##########.......#


You could see Ijyb.

Vanquished Creatures
  2 adders (D:2)
  2 worms (D:2)
  3 dart slugs
  3 endoplasms
  4 giant cockroaches
  2 goblins
  6 hobgoblins
  8 kobolds
  A quokka (D:1)
  4 ball pythons (D:1)
  2 bats
  2 frilled lizards (D:1)
  6 rats
45 creatures vanquished.

Notes
Turn   | Place    | Note
-------+----------+-------------------------------------------
     0 | D:1      | kae the Draconian Transmuter began the quest for the Orb.
     0 | D:1      | Reached XP level 1. HP: 16/16 MP: 3/3
   182 | D:1      | Reached XP level 2. HP: 20/23 MP: 3/5
   557 | D:1      | Found Zumned's Antique Armour Shop.
   771 | D:2      | Found a basalt altar of Yredelemnul.
  1138 | D:2      | Reached XP level 3. HP: 25/29 MP: 6/6
  1142 | D:2      | Learned a level 3 spell: Spider Form
  1990 | D:2      | Reached XP level 4. HP: 35/35 MP: 5/7
  2520 | D:3      | Found an ancient bone altar of Kikubaaqudgha.
  2611 | D:3      | Noticed Ijyb
  2611 | D:3      | Killed from afar by Ijyb

Illustrated notes

Levels and vault maps discovered:
D:1:      beargit_arrival_greenhouse, layout_rooms, serial_shops, shop,
          grunt_decor_mini_mirrors
D:2:      layout_loops_corners, basic_altar, minmay_misc_feat_tiny
D:3:      layout_loops_ring, kiku_gazebo_garden_becter,
          nicolae_qazlal_general_emergency, gammafunk_ghost_necromancy,
          chequers_ecumenical_altar_simple_redux, uniq_ijyb

Skill      XL: |  1  2  3 |
---------------+----------+-----
Dodging        | 2 |  2.1
Fighting       | 2 |  2.0
Unarmed Combat | |  3.6
Spellcasting   | |  2.3
Transmutations | |  2.8
Poison Magic   | |  0.6

Action                   |  1- 3 |  4- 6 || total
-------------------------+-------+-------++-------
Melee: Unarmed           |   120 |     9 ||   129
       Headbutt          |    17 |     3 ||    20
       Kick              |    14 |       ||    14
       Tailslap          |    16 |       ||    16
       Punch             |     3 |       ||     3
 Cast: Beastly Appendage |    27 |     4 ||    31
  Use: Scroll            |     3 |     3 ||     6
       Potion            |     2 |       ||     2
Armor: Skin              |    31 |     4 ||    35
Dodge: Dodged            |    75 |     6 ||    81

Table legend: (Time is in decaauts)
 A = Elapsed time spent in this place.
 B = Non-inter-level travel time spent in this place.
 C = Inter-level travel time spent in this place.
 D = Time resting spent in this place.
 E = Time spent auto-exploring this place.
 F = Levels seen in this place.
 G = Mean time per level.
                   A        B        C        D        E       F      G
               +--------+--------+--------+--------+--------+-----+--------+
         Total |   2602 |   2537 |     65 |    100 |   2072 |   3 |  867.3 |
       Dungeon |   2602 |   2537 |     65 |    100 |   2072 |   3 |  867.3 |
               +--------+--------+--------+--------+--------+-----+--------+

Top non-repeatable levels by time:
     D:2: 1509 daAuts
     D:1: 768 daAuts
     D:3: 323 daAuts
